 Dungeon Crawl Stone Soup version 0.28.0-53-g5a82cb258f (webtiles) character file.

Game seed: 1266154780921425684

219 Martska the Poker (level 6, -2/48 HPs)
             Began as a Human Warper on June 26, 2022.
             Was an Initiate of the Shining One.
             Slain by a centaur warrior zombie (3 damage)
             ... on level 5 of the Dungeon.
             The game lasted 00:15:38 (6040 turns).

Martska the Poker (Human Warper)                    Turns: 6040, Time: 00:15:39

Health: -2/48      AC:  7    Str: 14    XL:     6   Next: 17%
Magic:  9/9        EV: 12    Int: 13    God:    the Shining One [......]
Gold:   144        SH:  0    Dex: 12    Spells: 4/9 levels left

rFire   + + .      SeeInvis .   a - +0 spear
rCold   . . .      Faith    .   (no shield)
rNeg    . . .      Spirit   .   b - +0 leather armour
rPois   +          Reflect  .   (no helmet)
rElec   +          Harm     .   l - +2 cloak
rCorr   +          Rampage  .   i - +0 pair of gloves
Will    .....                   (no boots)
Stlth   +.........              (no amulet)
HPRegen 0.16/turn               f - ring of fire
MPRegen 0.11/turn               (no ring)

@: resistant, glowing
A: no striking features
a: Renounce Religion


You were on level 5 of the Dungeon.
You worshipped the Shining One.
The Shining One was noncommittal.
You visited 2 branches of the dungeon, and saw 6 of its levels.

You collected 144 gold pieces.

Inventory:

Hand Weapons
 a - a +0 spear (weapon)
Armour
 b - a +0 leather armour (worn)
 i - a +0 pair of gloves (worn)
 l - a +2 cloak (worn)
Jewellery
 f - a ring of fire (left hand)
Scrolls
 k - a scroll of fog
Potions
 c - 2 potions of magic
 d - 2 potions of curing


   Skills:
 * Level 3.7 Fighting
 * Level 3.7 Polearms
 - Level 1.0 Throwing
 - Level 1.0 Armour
 * Level 3.7 Dodging
 - Level 2.0 Spellcasting
 * Level 3.1 Translocations


You had 4 spell levels left.
You knew the following spells:

 Your Spells              Type           Power      Damage    Failure   Level
a - Blink                 Tloc           18%        N/A       13%         2
b - Teleport Other        Tloc           9%         N/A       26%         3

Your spell library contained the following spells:

 Spells                   Type           Power      Damage    Failure   Level
 Gell's Gravitas          Tloc           9%         N/A       26%         3
 Lesser Beckoning         Tloc           9%         N/A       26%         3
 Manifold Assault         Tloc           9%         N/A       94%         5


Dungeon Overview and Level Annotations

Branches:
Dungeon (5/15)             Temple (1/1) D:5

Altars:
Gozag
Hepliaklqana
Qazlal
Ru
Trog
Xom
The Shining One

Annotations:
D:4 1 runed translucent door, Crazy Yiuf, Pikel


Message History

You hit the centaur warrior zombie but do no damage.
The centaur warrior zombie is heavily damaged.
The centaur warrior zombie hits you but does no damage.
The centaur warrior zombie kicks you.
You hit the centaur warrior zombie.
The centaur warrior zombie is heavily damaged.
The centaur warrior zombie hits you.
* * * LOW HITPOINT WARNING * * *
The centaur warrior zombie kicks you but does no damage.
You hit the centaur warrior zombie.
The centaur warrior zombie is heavily damaged.
The centaur warrior zombie hits you but does no damage.
The centaur warrior zombie kicks you but does no damage.
The centaur warrior zombie hits you.
* * * LOW HITPOINT WARNING * * *
The centaur warrior zombie barely misses you.
As you read the scroll labelled SEAMUPHAZI, it crumbles to dust.
You hear a loud clanging noise!
It was a scroll of noise.
You hear a shout!
You hear an angry growl.
You hear a shout!
You hear a bark!
You hear a shout!
The centaur warrior zombie misses you.
The centaur warrior zombie kicks you but does no damage.
It was a potion of resistance.
You feel protected.
The centaur warrior zombie closely misses you.
The centaur warrior zombie misses you.
The centaur warrior zombie barely misses you.
The centaur warrior zombie kicks you but does no damage.
The centaur warrior zombie hits you.
* * * LOW HITPOINT WARNING * * *
The centaur warrior zombie kicks you but does no damage.
Found a smoky amethyst potion and a sapphire ring.
You see here 2 potions of curing.
d - 2 potions of curing The centaur warrior zombie hits you.
* * * LOW HITPOINT WARNING * * *
The centaur warrior zombie closely misses you.
The centaur warrior zombie hits you.
You die...

## . ## .## ...
..# #.. #.#
#=..##(####### #
#.!..<........
#.#+#+##@#
........Z#
#.......#
+.......##
#.......<#
####+##..#######.#
#..#........
#.)#.#####.#
##.#.#


You could see a centaur warrior zombie.

Vanquished Creatures
  2 lemures (D:3)
  A bullfrog skeleton (D:4)
  A hound (D:4)
  An orc wizard (D:4)
  5 adders
  2 worms (D:2)
  An orc (D:4)
  9 ball pythons
  2 endoplasms
  A giant cockroach (D:3)
  6 goblins
  4 hobgoblins
  2 quokkas
  5 bats
  2 frilled lizards
  7 kobolds
  7 rats
58 creatures vanquished.

Vanquished Creatures (collateral kills)
  3 gnolls (D:5)
3 creatures vanquished.

Grand Total: 61 creatures vanquished

Notes
Turn   | Place    | Note
-------+----------+-------------------------------------------
     0 | D:1      | Martska the Human Warper began the quest for the Orb.
     0 | D:1      | Reached XP level 1. HP: 16/16 MP: 3/3
   238 | D:1      | Reached XP level 2. HP: 19/22 MP: 5/5
   934 | D:2      | Reached XP level 3. HP: 15/28 MP: 6/6
  1627 | D:2      | HP: 1/28 [worm (3)]
  2515 | D:3      | Reached XP level 4. HP: 33/34 MP: 7/7
  3419 | D:4      | Reached XP level 5. HP: 19/41 MP: 8/8
  4269 | D:5      | Entered Level 5 of the Dungeon
  4319 | D:5      | Found a staircase to the Ecumenical Temple.
  4339 | Temple   | Entered the Ecumenical Temple
  4433 | Temple   | Became a worshipper of the Shining One
  4549 | D:5      | Noticed a centaur warrior zombie
  4554 | D:4      | Noticed Pikel
  4554 | D:4      | Noticed a lemure
  4554 | D:4      | Noticed a lemure
  4554 | D:4      | Noticed a lemure
  4554 | D:4      | Noticed a lemure
  4568 | D:3      | Reached XP level 6. HP: 37/48 MP: 9/9
  5285 | D:4      | Learned a level 2 spell: Blink
  5289 | D:4      | Learned a level 3 spell: Teleport Other
  5440 | D:4      | Found a runed translucent door.
  5441 | D:4      | Noticed Crazy Yiuf
  5731 | D:4      | HP: 2/48 [Pikel/+0 whip of freezing (1)]
  6040 | D:5      | HP: 1/48 [centaur warrior zombie (3)]
  6040 | D:5      | Slain by a centaur warrior zombie

Illustrated notes

Levels and vault maps discovered:
D:1:      roderic_dead_forest, layout_rooms, serial_forest,
          infiniplex_forest_clump_double, infiniplex_forest_clump_small,
          infiniplex_forest_lined_4_way, infiniplex_forest_side_room,
          infiniplex_forest_zigzag_2, infiniplex_forest_clump_small,
          infiniplex_forest_end_2, infiniplex_forest_straight_3,
          infiniplex_forest_clump_diagonal
D:2:      layout_basic, roderic_serpentine_path
D:3:      layout_loops_ring
D:4:      layout_rooms, uniq_pikel, uniq_crazy_yiuf_cottage
D:5:      layout_basic, minmay_temple_entry_antechambers
Temple:   mainiacjoe_temple_cubbyholes

Skill      XL: |  1  2  3  4 |
---------------+-------------+-----
Fighting       | 3 |  3.7
Dodging        | 3 |  3.7
Polearms       | 3 |  3.7
Throwing       | |  1.0
Armour         | |  1.0
Spellcasting   | |  2.0
Translocations | |  3.1

Action                   |  1- 3 |  4- 6 || total
-------------------------+-------+-------++-------
Melee: Spear             |   180 |   252 ||   432
       Punch             |     1 |     1 ||     2
Throw: Boomerang         |       |     5 ||     5
Evoke: Wand              |       |    20 ||    20
  Use: Scroll            |     8 |    11 ||    19
       Potion            |       |     7 ||     7
 Stab: Sleeping          |     2 |       ||     2
Armor: Leather armour    |    47 |    87 ||   134
Dodge: Dodged            |    69 |   155 ||   224
